 Dungeon Crawl Stone Soup version 0.30-a0-140-gd1020e658a (webtiles) character file.

Game seed: 2667355641792756476

1166 Bnni the Cudgeller (level 8, -7/65 HPs)
             Began as a Demonspawn Fighter on Sept 24, 2022.
             Was a Follower of Okawaru.
             Mangled by an orc warrior
             ... wielding a +0 battleaxe
              (12 damage)
             ... on level 6 of the Dungeon.
             The game lasted 00:09:39 (5667 turns).

Bnni the Cudgeller (Demonspawn Fighter)             Turns: 5667, Time: 00:09:40

Health: -7/65      AC:  8    Str: 20    XL:     8   Next: 17%
Magic:  8/8        EV:  7    Int:  9    God:    Okawaru [*.....]
Gold:   467        SH:  5    Dex: 18    Spells: 7/7 levels left

rFire   . . .      SeeInvis .    a - +2 mace (vorpal)
rCold   . . .      Faith    .    c - +0 buckler
rNeg    . . .      Spirit   .    w - +0 chain mail
rPois   .          Reflect  .    (helmet restricted)
rElec   .          Harm     .    (no cloak)
rCorr   +          Rampage  .    (no gloves)
Will    .....                    (no boots)
Stlth   ..........               (no amulet)
HPRegen 0.20/turn                t - +6 ring of dexterity
MPRegen 0.22/turn                u - ring of resist corrosion

@: mighty
A: horns 2, powered by death 1, magic regeneration
a: Renounce Religion, Heroism


You were on level 6 of the Dungeon.
You worshipped Okawaru.
Okawaru was aware of your devotion.
You visited 2 branches of the dungeon, and saw 7 of its levels.

You collected 467 gold pieces.

Inventory:

Hand Weapons
 a - a +2 vorpal mace (weapon)
 n - a +2 short sword of venom
Missiles
 v - 8 poisoned darts (quivered)
Armour
 c - a +0 buckler (worn)
 w - a +0 chain mail (worn)
Jewellery
 g - a ring of fire
 t - a +6 ring of dexterity (left hand)
 u - a ring of resist corrosion (right hand)
Wands
 p - a wand of roots (15)
Scrolls
 e - 2 scrolls of immolation {unknown}
 f - 3 scrolls of amnesia
 h - a scroll of butterflies {unknown}
 l - 2 scrolls of teleportation
 q - 2 scrolls of enchant weapon {unknown}
 s - a scroll of magic mapping
 x - a scroll of enchant armour {unknown}
Potions
 b - a potion of ambrosia
 i - 4 potions of curing
 j - 2 potions of cancellation
 k - 2 potions of lignification
 m - 2 potions of brilliance
 r - a potion of haste


   Skills:
 + Level 6.3 Fighting
 * Level 7.5 Maces & Flails
 - Level 2.6 Armour
 - Level 2.6 Shields


You had 7 spell levels left.
You didn't know any spells.
Your spell library contained the following spells:

 Spells                   Type           Power      Damage    Failure   Level
 Blink                    Tloc           0%         N/A       100%        2
 Static Discharge         Conj/Air       0%         2-2/arc   100%        2
 Ignite Poison            Fire/Tmut/Pois 0%         N/A       100%        3
 Lesser Beckoning         Tloc           0%         N/A       100%        3
 Mephitic Cloud           Conj/Pois/Air  0%         N/A       100%        3
 Manifold Assault         Tloc           0%         N/A       100%        4
 Arcjolt                  Conj/Air       0%         1d10      100%        5
 Borgnjor's Vile Clutch   Necr/Erth      0%         N/A       100%        5
 Freezing Cloud           Conj/Ice/Air   0%         6-21      100%        5
 Lightning Bolt           Conj/Air       0%         1d11      100%        5
 Maxwell's Capacitive Co  Air            0%         ∞         100%        8
 Animate Dead             Necr           Unusable   N/A       N/A         4
 Death Channel            Necr           Unusable   N/A       N/A         6

Dungeon Overview and Level Annotations

Branches:
Dungeon (6/15)             Temple (1/1) D:4

Altars:
Ashenzari
Cheibriados
Dithmenos
Fedhas
Gozag
Hepliaklqana
Kikubaaqudgha
Makhleb
Nemelex Xobeh
Okawaru
Qazlal
Sif Muna
Trog
Uskayaw
Xom
Yredelemnul

Shops:
D:3 (


Innate Abilities, Weirdness & Mutations

You have a pair of horns on your head.
You regenerate a little health from kills.
You regenerate magic rapidly.


Message History

An orc and a wight come into view.
The orc warrior hits you with a +0 battleaxe.
Items here: )) [ †.
You hit the orc warrior but do no damage.
Your headbutt misses the orc warrior.
The orc warrior hits you with a +0 battleaxe.
You sock the orc warrior!
The orc warrior is heavily wounded.
An orc comes into view. It is wielding a +0 club.
The orc warrior hits you with a +0 battleaxe!
The jelly jiggles.
You hit the orc warrior.
The orc warrior is heavily wounded.
The orc warrior hits you with a +0 battleaxe!
You barely miss the orc warrior. You headbutt the orc warrior.
The orc warrior is severely wounded.
The orc warrior hits you with a +0 battleaxe.
You feel very mighty all of a sudden.
The orc warrior hits you with a +0 battleaxe!!
* * * LOW HITPOINT WARNING * * *
You feel much better.
The orc warrior hits you with a +0 battleaxe.
You barely miss the orc warrior.
The orc warrior is severely wounded.
An orc comes into view. It is wielding a +0 flail.
The orc warrior hits you with a +0 battleaxe.
The orc warrior hits you with a +0 battleaxe!
* * * LOW HITPOINT WARNING * * *
You block the wight's attack.
Okay, then.
Okay, then.
Okay, then.
You feel better.
The orc shouts!
You block the wight's attack.
The orc warrior hits you with a +0 battleaxe!
* * * LOW HITPOINT WARNING * * *
The orc warrior attacks as you move away!
The orc warrior hits you with a +0 battleaxe!
You die...

###########
#.........#
#.#######.#
#.# #<# #.#
#.# #@# #.#
#o# ...
#..zJo.#
...
zz...o..#.#
#...#
.#.#.####.#
##.## #...
. ..# ...
.. #.. ##
...


You could see an orc warrior, a jelly, a wight and 2 orcs.

Vanquished Creatures
  2 water moccasins
  An ice beast (D:5)
  A black bear (D:4)
  2 phantoms
  2 scorpions
  A wight (D:6)
  A howler monkey (D:4)
  A hound (D:4)
  An orc priest (D:4)
  An iguana (D:5)
  6 orc wizards
  6 adders
  2 ufetubi (D:5)
  3 dart slugs
  16 orcs
  A ball python (D:1)
  7 bats
  7 endoplasms
  5 giant cockroaches
  4 hobgoblins
  4 jackals (D:4)
  15 kobolds
  6 quokkas
  4 frilled lizards (D:1)
  11 goblins
  7 rats
117 creatures vanquished.

Notes
Turn   | Place    | Note
-------+----------+-------------------------------------------
     0 | D:1      | Bnni the Demonspawn Fighter began the quest for the Orb.
     0 | D:1      | Reached XP level 1. HP: 18/18 MP: 1/1
    66 | D:1      | Reached skill level 2 in Maces & Flails
   466 | D:1      | Gained mutation: You have a pair of small horns on your
                  | head. [demonic ancestry]
   466 | D:1      | Reached XP level 2. HP: 22/24 MP: 2/2
  1203 | D:2      | Found a faded altar of an unknown god.
  1214 | D:2      | Prayed at the altar of an unknown god.
  1214 | D:2      | Became a worshipper of Uskayaw the Reveller
  1214 | D:2      | Reached * piety under Uskayaw
  1228 | D:2      | Gained mutation: You have a pair of horns on your head.
                  | [demonic ancestry]
  1228 | D:2      | Reached XP level 3. HP: 29/29 MP: 3/3
  1576 | D:2      | Reached skill level 3 in Maces & Flails
  2399 | D:3      | Found Gakleluacu's Weapon Boutique.
  2530 | D:3      | Noticed a water moccasin
  2535 | D:3      | Reached ** piety under Uskayaw
  2538 | D:3      | Killed a water moccasin
  2538 | D:3      | Reached *** piety under Uskayaw
  2539 | D:3      | Reached skill level 4 in Maces & Flails
  2539 | D:3      | Reached XP level 4. HP: 23/37 MP: 4/4
  2539 | D:3      | Reached XP level 5. HP: 26/42 MP: 5/5
  3382 | D:4      | Noticed a black bear
  3385 | D:4      | Found a sparkling altar of Nemelex Xobeh.
  3393 | D:4      | Killed a black bear
  3394 | D:4      | Reached skill level 5 in Maces & Flails
  3394 | D:4      | Gained mutation: You regenerate a little health from kills.
                  | [demonic ancestry]
  3394 | D:4      | Reached XP level 6. HP: 35/49 MP: 6/6
  3484 | D:4      | Found an iron altar of Okawaru.
  3491 | D:4      | Found a snail-covered altar of Cheibriados.
  3497 | D:4      | Reached **** piety under Uskayaw
  3499 | D:4      | Found a stormy altar of Qazlal.
  3508 | D:4      | Reached ***** piety under Uskayaw
  3660 | D:4      | Reached skill level 5 in Fighting
  3671 | D:4      | Fell from the grace of Uskayaw
  3671 | D:4      | Became a worshipper of Warmaster Okawaru
  3737 | D:4      | Found a staircase to the Ecumenical Temple.
  3763 | Temple   | Entered the Ecumenical Temple
  3928 | D:4      | Gained mutation: You regenerate magic rapidly. [demonic
                  | ancestry]
  3928 | D:4      | Reached XP level 7. HP: 16/56 MP: 7/7
  4428 | D:4      | Reached skill level 6 in Maces & Flails
  4745 | D:5      | Entered Level 5 of the Dungeon
  4754 | D:5      | Found an opulent altar of Gozag.
  4781 | D:5      | Found a bloodstained altar of Trog.
  5030 | D:5      | Reached * piety under Okawaru
  5112 | D:5      | Reached skill level 7 in Maces & Flails
  5191 | D:5      | Reached XP level 8. HP: 57/64 MP: 8/8
  5667 | D:6      | Mangled by an orc warrior

Illustrated notes

Levels and vault maps discovered:
D:1:      kennysheep_arrival_seaside, layout_basic
D:2:      layout_loops_ring, hellmonk_ecumenical_altar_pennies_from_heaven,
          dk_noncrumbling_3, st_stairs_3, guppyfry_early_lair_pool
D:3:      layout_basic, serial_shops, nicolae_shop_bloodbath_and_beyond,
          minmay_strange_pillars, serial_bayou_pond_d, patterned_corridor
D:4:      minmay_evil_eye, layout_basic, grunt_temple_overflow_open,
          minmay_temple_entry_offerings, kennysheep_opposing_triangles
D:5:      layout_gridville, mainiacjoe_overflow_big_doors,
          minmay_misc_feat_columns
D:6:      nicolae_cairo_tiling_large_dashed, layout_loops_ring, zin_angel,
          uniq_menkaure, uniq_grinder, uniq_edmund, uniq_crazy_yiuf_cottage,
          uniq_prince_ribbit1
Temple:   jpeg_temple_clearing

Skill      XL: |  1  2  3  4  5  6  7 |
---------------+----------------------+-----
Maces & Flails | 2 4 5 7 |  7.5
Fighting       | 4 5 6 |  6.3
Armour         | |  2.6
Shields        | |  2.6

Action                   |  1- 3 |  4- 6 |  7- 9 || total
-------------------------+-------+-------+-------++-------
Melee: Flail             |   136 |       |       ||   136
       Headbutt          |    11 |    20 |    28 ||    59
       Short sword       |    29 |    99 |   113 ||   241
       Mace              |       |       |     8 ||     8
Invok: Stomp             |     1 |       |       ||     1
  Use: Scroll            |       |       |    12 ||    12
       Potion            |       |       |     3 ||     3
 Stab: Paralysed         |       |     3 |       ||     3
Armor: Scale mail        |   102 |    43 |       ||   145
       Chain mail        |       |       |    72 ||    72
Dodge: Dodged            |    78 |    41 |    39 ||   158
Block: Buckler           |    52 |    31 |    29 ||   112

Table legend: (Time is in decaauts)
 A = Elapsed time spent in this place.
 B = Non-inter-level travel time spent in this place.
 C = Inter-level travel time spent in this place.
 D = Time resting spent in this place.
 E = Time spent auto-exploring this place.
 F = Levels seen in this place.
 G = Mean time per level.
                   A        B        C        D        E       F      G
               +--------+--------+--------+--------+--------+-----+--------+
         Total |   5733 |   5590 |    143 |    315 |   4395 |   7 |  819.0 |
       Dungeon |   5617 |   5486 |    131 |    315 |   4304 |   6 |  936.2 |
        Temple |    115 |    103 |     12 |      0 |     91 |   1 |  115.0 |
               +--------+--------+--------+--------+--------+-----+--------+

Top non-repeatable levels by time:
     D:4: 1278 daAuts
     D:1: 1238 daAuts
     D:2: 1097 daAuts
     D:3: 1077 daAuts
     D:5: 889 daAuts
  Temple: 115 daAuts
     D:6: 35 daAuts
